 Dungeon Crawl Stone Soup version 0.29.1-12-g30fa7ad0bf (webtiles) character file.

Game seed: 583253582420885015

214 mopl the Magician (level 5, 0/31 HPs)
             Began as an Octopode Hedge Wizard on Jan 2, 2023.
             Was an Initiate of Vehumet.
             Succumbed to a goblin's poison
             ... on level 3 of the Dungeon.
             The game lasted 00:03:47 (3851 turns).

mopl the Magician (Octopode Hedge Wizard)           Turns: 3851, Time: 00:03:48

Health: 0/31       AC:  1    Str:  9    XL:     5   Next: 92%
Magic:  17/20      EV: 13    Int: 18    God:    Vehumet [......]
Gold:   84         SH:  0    Dex: 12    Spells: 6/12 levels left

rFire   . . .      SeeInvis .   a - +0 dagger
rCold   . . .      Faith    .   (no shield)
rNeg    . . .      Spirit   .   b - +0 hat
rPois   .          Reflect  .   (no amulet)
rElec   .          Harm     .   j - ring of magical power
rCorr   .          Rampage  .   (no ring)
Will    .....                   (no ring)
Stlth   +++.......              (no ring)
HPRegen 0.10/turn               (no ring)
MPRegen 0.17/turn               (no ring)
                                (no ring)
                                (no ring)

@: lethally poisoned (0 -> -12), very slightly contaminated
A: almost no armour, amphibious, 8 rings, camouflage 1, gelatinous body 1,
(nimble swimmer 1), tentacles
a: Renounce Religion


You were on level 3 of the Dungeon.
You worshipped Vehumet.
Vehumet was noncommittal.
You visited 2 branches of the dungeon, and saw 5 of its levels.

You collected 84 gold pieces.

Inventory:

Hand Weapons
 a - a +0 dagger (weapon)
Armour
 b - a +0 hat (worn)
Jewellery
 j - a ring of magical power (left tentacle)
Scrolls
 d - a scroll of immolation
 e - a scroll of identify {unknown}
 g - a scroll of enchant weapon {unknown}
 k - a scroll of noise {unknown}
Potions
 c - a potion of magic
 f - a potion of invisibility {unknown}
 h - 3 potions of flight {unknown}
 i - a potion of mutation {unknown}
 l - 2 potions of brilliance {unknown}
 m - 2 potions of lignification {unknown}
 n - a potion of curing {unknown}
 o - a potion of heal wounds {unknown}


   Skills:
 - Level 2.0 Dodging
 - Level 2.6 Stealth
 + Level 4.0 Spellcasting
 + Level 2.8 Conjurations
 - Level 1.0 Summonings
 + Level 2.3 Translocations
 + Level 1.8 Air Magic
 + Level 2.2 Poison Magic


You had 6 spell levels left.
You knew the following spells:

 Your Spells              Type           Power      Damage    Failure   Level
a - Magic Dart            Conj           52%        1d5       4%          1
c - Mephitic Cloud        Conj/Pois/Air  12%        N/A       17%         3
e - Blink                 Tloc           24%        N/A       9%          2

Your spell library contained the following spells:

 Spells                   Type           Power      Damage    Failure   Level
 Slow                     Hex            12%        N/A       14%         1
 Call Imp                 Summ           7%         N/A       14%         2
 Conjure Flame            Conj/Fire      8%         6-21      24%         3
 Ignite Poison            Fire/Tmut/Pois 6%         N/A       32%         3
 Freezing Cloud           Conj/Ice/Air   4%         6-21      91%         5


Dungeon Overview and Level Annotations

Branches:
Dungeon (4/15)             Temple (1/1) D:4

Altars:
Gozag
Hepliaklqana
Ru
Sif Muna
Vehumet


Innate Abilities, Weirdness & Mutations

You cannot wear most types of armour.
You are amphibious.
You can wear up to eight rings at the same time.
Your skin changes colour to match your surroundings (Stealth+).
Your rubbery body absorbs attacks. (AC +1, EV +1)
((You are camouflaged when in or above water. (Stealth+)))
You have tentacles for arms and can constrict up to eight enemies at once.


Message History

The ogre is lightly wounded.
The ogre is engulfed in noxious fumes.
The ogre appears confused.
The ogre hits itself with a +0 giant club!!
The magic dart hits the ogre.
The ogre is almost dead.
The ogre is engulfed in noxious fumes.
The ogre appears confused.
The magic dart hits the ogre.
You kill the ogre!
Vehumet accepts your kill.
Your Spellcasting skill increases to level 4!
Your Poison Magic skill increases to level 2!
You start resting.
Magic restored.
You start resting.
HP restored.
There is a stone staircase leading down here.
You climb downwards.
The orc priest shouts!
The orc priest casts a cantrip, but nothing happens.
There is a stone staircase leading up here.
Unknown command.
The magic dart hits the goblin.
The goblin is severely wounded.
The magic dart hits the goblin.
The goblin is almost dead.
The goblin hits you with a +3 dagger of venom.
You are poisoned.
You miscast Magic Dart.
You are very lightly contaminated with residual magic.
Nothing appears to happen.
You feel sick.
The goblin hits you with a +3 dagger of venom.
You are more poisoned.
The orc priest mumbles some strange prayers to Beogh against you.
Beogh smites you!
* * * LOW HITPOINT WARNING * * *
You feel very sick.
The goblin hits you with a +3 dagger of venom.
* * * LOW HITPOINT WARNING * * *
You climb upwards.
You die...

.###.#.#.# #.##.# ###.#
.#...#...###.##.###########...##
...#####.....(..#...........#..#
.#...#...######.#.########.....#
.....#.#.# #.#.########.....#
.###...#.# #.).............##
.....)...# #.#.###.....#..##
####.##### #.#.###.....#..####
#.# #g@...............O #.#
###.###.....#..#### #.#
#.###.....#..# #.#
###.......<.)..# ##.#
#..............# ##..#
#.############## #...# #.#
#..###########.#
#...)≈≈≈..≈#...#


You could see a goblin.

Vanquished Creatures
  An ogre (D:3)
  Jessica (D:3)
  2 adders
  3 gnolls (D:2)
  2 dart slugs
  An orc (D:3)
  3 bats
  3 endoplasms
  6 giant cockroaches
  2 goblins
  5 hobgoblins
  3 jackals (D:1)
  4 kobolds
  5 ball pythons
  5 frilled lizards
  5 rats
51 creatures vanquished.

Vanquished Creatures (others)
  A plant (D:1)
1 creature vanquished.

Grand Total: 52 creatures vanquished

Notes
Turn   | Place    | Note
-------+----------+-------------------------------------------
     0 | D:1      | mopl the Octopode Hedge Wizard began the quest for the Orb.
     0 | D:1      | Reached XP level 1. HP: 11/11 MP: 4/4
   161 | D:1      | Found a faded altar of an unknown god.
   414 | D:1      | Reached XP level 2. HP: 9/17 MP: 6/6
   559 | D:1      | Learned a level 2 spell: Blink
  1468 | D:2      | Reached XP level 3. HP: 21/21 MP: 4/7
  1499 | D:2      | Learned a level 3 spell: Mephitic Cloud
  1520 | D:2      | Reached skill level 2 in Conjurations
  1654 | D:2      | Reached skill level 1 in Poison Magic
  1654 | D:2      | Reached XP level 4. HP: 27/27 MP: 6/9
  1744 | D:2      | Found a radiant altar of Vehumet.
  1844 | D:2      | Became a worshipper of Vehumet
  2595 | D:3      | Reached skill level 1 in Air Magic
  2793 | D:3      | Identified the +1 ring mail of Silim {+Inv rPois Regen+
                  | Str-3}
  2852 | D:3      | Found an opulent altar of Gozag.
  3090 | D:3      | Noticed Jessica
  3093 | D:3      | Killed Jessica
  3094 | D:3      | Reached skill level 2 in Translocations
  3094 | D:3      | Reached XP level 5. HP: 31/31 MP: 10/10
  3095 | D:3      | Found a sacrificial altar of Ru.
  3138 | D:4      | Noticed a black bear
  3153 | D:4      | Found a staircase to the Ecumenical Temple.
  3159 | Temple   | Entered the Ecumenical Temple
  3391 | D:4      | Noticed an ogre
  3717 | D:3      | Killed an ogre
  3718 | D:3      | Reached skill level 4 in Spellcasting
  3718 | D:3      | Reached skill level 2 in Poison Magic
  3851 | D:3      | Succumbed to a goblin's poison

Illustrated notes

Levels and vault maps discovered:
D:1:      dpeg_arrival_round_a, layout_loops_corners,
          shapermc_ecumenical_altar_gd
D:2:      layout_basic, basic_altar, chequers_serial_rivers_micro_c,
          chequers_serial_rivers_room_a
D:3:      layout_loops_ring, grunt_gozag_statues, pf_just_have_faith,
          uniq_jessica
D:4:      layout_basic, minmay_temple_entry_mini_moons, serial_curves,
          eino_curves_04, eino_curves_03
Temple:   nicolae_temple_bog_church

Skill      XL: |  1  2  3  4  5 |
---------------+----------------+-----
Conjurations   | 2 |  2.8
Poison Magic   | 1 2 |  2.2
Air Magic      | 1 |  1.8
Translocations | 2 |  2.3
Spellcasting   | 4 |  4.0
Dodging        | |  2.0
Stealth        | |  2.6
Summonings     | |  1.0

Action                   |  1- 3 |  4- 6 || total
-------------------------+-------+-------++-------
Melee: Dagger            |    39 |    24 ||    63
       Constrict         |    11 |     6 ||    17
       Tentacles         |     6 |       ||     6
 Cast: Magic Dart        |    30 |    59 ||    89
       Blink             |       |     3 ||     3
       Mephitic Cloud    |       |     1 ||     1
  Use: Scroll            |       |     1 ||     1
 Stab: Sleeping          |     3 |     2 ||     5
Armor: Skin              |     4 |     3 ||     7
Dodge: Dodged            |    28 |    37 ||    65
